Map: Catalyst LE

Players

Kennon - Winner!

  • Race: Protoss Protoss
  • Spawn Location: 11:00

StormBG

  • Race: Terran Terran
  • League: Gold
  • Spawn Location: 5:00

VOD

Have the link to the VOD?

Description

the protoss maphacker

Time

  • Played on: Aug. 12, 2018, 10 a.m.
  • Length: 15:50
Show
View Real Time Build Order
Export as new Build Order

Kennon Protoss - Winner!

Build Orders: Colossus Rush 

Get SALT Encoding   

  1  0:00  Probe  
  13  0:09  Probe  
  14  0:23  Pylon  
  14  0:28  Probe  
  15  0:41  Probe  
  16  0:46  Gateway  
  16  0:53  Assimilator  
  16  0:54  Probe  
  17  1:06  Probe  
  18  1:18  Probe  
  18  1:20  Pylon  
  18  1:24  Pylon  
  19  1:30  Probe  
  20  1:41  Cybernetics Core  
  20  1:51  Nexus  
  20  2:10  Assimilator  
  20  2:24  Robotics Facility  
  19  2:59  Probe  
  19  3:04  Probe  
  20  3:11  Probe  
  20  3:12  Probe  
  22  3:13  Warp Gate  
  23  3:21  Stalker  
  23  3:22  Probe  
  23  3:23  Robotics Bay, Probe  
  24  3:34  Probe  
  24  3:36  Probe  
  26  3:44  Immortal  
  26  3:46  Probe  
  26  3:48  Probe  
  30  4:09  Adept  
  28  4:41  Probe  
  29  4:53  Probe  
  30  5:02  Colossus  
  30  5:05  Probe  
  37  5:17  Probe  
  37  5:19  Gateway x2  
  37  5:20  Adept  
  40  5:29  Probe  
  41  5:41  Probe  
  42  5:45  Forge  
  42  5:53  Probe  
  42  5:56  Colossus  
  49  6:05  Probe  
  50  6:17  Probe  
  51  6:19  Pylon  
  51  6:29  Pylon  
  51  6:31  Pylon  
  51  6:32  Protoss Shields Level 1  
  51  6:38  Stalker  
  51  6:39  Stalker x2  
  57  7:05  Photon Cannon  
  57  7:06  Photon Cannon  
  57  7:10  Photon Cannon  
  57  7:31  Stalker x2  
  57  7:32  Stalker  
  57  7:33  Probe  
  64  7:38  Assimilator  
  64  7:42  Assimilator  
  64  7:46  Probe  
  65  7:53  Nexus  
  65  7:54  Immortal  
  65  7:58  Probe  
  70  8:10  Probe  
  71  8:18  Protoss Ground Weapons Level 1  
  71  8:22  Probe  
  72  8:32  Stalker x2  
  72  8:33  Stalker  
  78  8:50  Pylon  
  78  8:52  Pylon  
  78  8:55  Pylon  
  78  9:05  Probe  
  78  9:17  Probe  
  77  9:29  Probe  
  78  9:41  Probe  
  77  10:08  Immortal  
  77  10:13  Stalker x3  
  87  10:15  Probe  
  88  10:23  Probe  
  88  10:26  Gateway x2  
  89  10:32  Probe  
  90  10:44  Nexus, Probe  
  90  10:48  Immortal  
  95  10:56  Stargate  
  95  10:57  Probe  
  96  10:59  Stargate  
  96  11:05  Stargate  
  96  11:07  Stargate  
  96  11:14  Stalker  
  96  11:15  Stalker x2  
  102  11:22  Probe  
  103  11:26  Colossus  
  103  11:28  Assimilator  
  109  11:33  Assimilator  
  109  11:34  Probe  
  110  11:45  Void Ray  
  110  11:46  Void Ray  
  117  11:47  Probe  
  116  11:59  Probe  
  111  12:12  Probe  
  72  12:31  Stalker x2  
  76  12:40  Stalker x3  
  74  12:56  Stalker x2  
  78  13:02  Colossus  
  84  13:05  Void Ray  
  84  13:06  Void Ray  
  84  13:09  Void Ray x2  
  100  13:13  Protoss Air Weapons Level 1  
  100  13:14  Protoss Ground Armor Level 1  
  100  13:20  Probe  
  101  13:28  Stalker  
  101  13:29  Stalker x3  
  101  13:32  Probe  
  110  13:44  Probe  
  111  13:55  Colossus  
  117  15:13  Probe  
  116  15:25  Probe  
Show
View Real Time Build Order
Export as new Build Order

StormBG Terran 

Build Orders: MMM Bio 

Get SALT Encoding   

  12  0:02  SCV  
  14  0:14  SCV  
  14  0:29  Supply Depot, SCV  
  14  0:33  Refinery  
  15  0:50  SCV  
  15  0:52  Barracks  
  16  1:04  SCV  
  16  1:06  Barracks  
  17  1:17  Supply Depot  
  17  1:21  SCV  
  18  1:33  SCV  
  19  1:43  Factory  
  19  1:48  SCV  
  20  1:55  Barracks Tech Lab  
  20  1:58  Refinery  
  20  2:06  Reaper  
  21  2:20  SCV  
  22  2:32  SCV  
  23  2:38  Reaper, Factory Tech Lab  
  24  2:45  Supply Depot  
  24  2:55  Orbital Command  
  24  2:59  Siege Tank  
  27  3:42  Marine x2  
  29  4:00  Marine x2  
  31  4:18  Marine x2  
  33  4:35  Marine  
  33  4:36  Marine  
  32  4:42  Combat Shields  
  32  4:53  Command Center, Marine  
  32  4:55  Barracks Reactor  
  32  4:57  Cyclone  
  36  5:06  Command Center  
  36  5:09  Engineering Bay  
  36  5:22  Marine  
  37  5:28  SCV  
  38  5:37  Supply Depot  
  38  5:40  Marine  
  39  5:58  Marine x2, SCV  
  39  5:59  Widow Mine  
  39  6:02  Supply Depot  
  44  6:05  Supply Depot  
  44  6:06  Marine  
  44  6:10  SCV  
  46  6:22  SCV  
  46  6:24  Marine  
  48  6:30  Starport  
  48  6:33  SCV  
  48  6:35  SCV  
  48  6:38  Orbital Command  
  50  6:45  SCV  
  51  6:49  Stimpack  
  51  6:57  Liberator  
  51  7:06  SCV  
  51  7:07  SCV  
  56  7:18  SCV  
  56  7:19  SCV  
  58  7:29  SCV  
  59  7:31  SCV  
  60  7:41  Cyclone  
  60  7:42  SCV  
  60  7:43  Marine x2  
  60  7:44  SCV  
  67  7:45  Terran Infantry Weapons Level 1  
  67  7:51  Engineering Bay  
  70  8:07  Starport Tech Lab  
  67  8:31  Marine x3  
  70  8:35  Banshee  
  70  8:38  Cyclone  
  76  8:49  Marine  
  77  9:03  SCV  
  77  9:04  SCV  
  79  9:15  SCV  
  79  9:16  Starport, SCV  
  81  9:19  Factory  
  81  9:21  Banshee  
  81  9:27  SCV  
  81  9:29  SCV  
  66  9:34  Cyclone  
  66  9:36  Marine  
  66  9:37  Marine x2  
  71  9:54  Marine  
  71  9:55  Marine x2  
  74  10:06  Cyclone  
  77  10:07  Banshee  
  77  10:11  Marine  
  77  10:12  Starport Tech Lab  
  77  10:13  Marine x2  
  77  10:14  Factory Tech Lab  
  83  10:16  Supply Depot  
  83  10:19  Supply Depot  
  83  10:20  Terran Infantry Armor Level 1  
  83  10:21  Supply Depot  
  83  10:24  Armory  
  83  10:25  SCV  
  83  10:26  SCV  
  85  10:29  Supply Depot, Marine  
  85  10:31  Supply Depot, Marine x2  
  85  10:34  Armory  
  88  10:37  SCV  
  88  10:38  SCV  
  90  10:48  Barracks  
  90  10:49  SCV  
  91  10:50  SCV  
  91  10:56  Marine x3  
  95  10:59  Cyclone  
  95  11:02  Banshee x2  
  104  11:08  Cyclone  
  107  11:14  Marine x3  
  110  11:23  Supply Depot  
  110  11:28  Terran Vehicle Weapons Level 1  
  110  11:31  Marine  
  110  11:32  Cyclone, Marine x2  
  116  11:34  Refinery  
  116  11:35  Refinery  
  116  11:38  Refinery  
  116  11:40  Cyclone  
  119  11:49  Marine x2  
  119  11:50  Marine  
  119  11:51  Refinery  
  122  12:07  Marine  
  100  12:17  Marine  
  100  12:18  Marine x2  
  100  12:21  Cyclone  
  100  12:22  Cyclone  
  88  12:25  Marine  
  77  12:35  Marine  
  77  12:36  Marine x2  
  80  12:43  Marine  
  75  12:53  Cyclone, Marine  
  75  12:54  Cyclone, Marine x2  
  76  13:03  Banshee  
  76  13:04  Banshee  
  82  13:25  Marine x4  
  86  13:31  Command Center  
  86  13:39  Cyclone  
  86  13:40  Command Center  
  89  13:43  Marine x4  
  89  13:44  Terran Vehicle And Ship Armor Level 1  
  89  13:45  Banshee  
  89  13:47  Command Center, Banshee  
  99  13:54  SCV x2  
  102  13:55  SCV  
  102  14:01  Marine x4  
  106  14:06  SCV x2  
  106  14:07  SCV  
  106  14:08  Cloaking Field  
  109  14:16  Cyclone  
  112  14:18  Cyclone, Marine  
  112  14:19  Marine  
  116  14:47  Marine x4  
  116  14:48  Cyclone  
  116  14:51  Cyclone  
  126  14:55  Command Center  
  124  15:04  Marine  
  124  15:05  Marine x3  
  73  15:22  Marine x2  
  73  15:23  Marine x2  
  71  15:30  Command Center  
Tags
 
Composition
MMM Bio
League
Gold
Matchup
PvT
Spawn Locations
Cross Positions
Add a new tag
Caveats
  • Supply blocks, unpowered buildings, or Contaminate may cause inaccurate times.
  • Supply counts are checked every 10 seconds.